 Dungeon Crawl Stone Soup version 0.27.1-33-g824d729ab1 (webtiles) character file.

Game seed: 6095354707795909658

259854 demibob the Brawler (level 19, -8/175 (176) HPs)
             Began as a Troll Chaos Knight on Nov 26, 2021.
             Was a Plaything of Xom.
             Mangled by a deep troll (13 damage)
             ... led by an ironbound preserver
             ... while paralysed by a great orb of eyes
             ... on level 2 of the Vaults.
             The game lasted 02:04:48 (31104 turns).

demibob the Brawler (Troll Chaos Knight)           Turns: 31104, Time: 02:04:49

HP:   -8/175 (176)  AC: 23    Str: 25      XL:     19   Next: 54%
MP:   18/18         EV:  1    Int:  5 (8)  God:    Xom [....*.]
Gold: 1625          SH:  0    Dex: 17 (18) Spells: 18/18 levels left

rFire    + + .     SeeInvis .     - Unarmed
rCold    . . .     Faith    .   i - +0 tower shield
rNeg     . . .     Spirit   .   U - +2 fire dragon scales of the Devil's Advocate {rF++ rC- Regen+ Dex+3}
rPois    +         Reflect  .   (helmet restricted)
rElec    .         Harm     .   m - +1 cloak
rCorr    .         Rampage  .   (gloves unavailable)
Will     +....                  (boots unavailable)
Stlth    +.........             j - amulet of regeneration
HPRegen  3.39/turn              c - ring of protection from cold
MPRegen  0.16/turn              T - +4 ring of protection

@: paralysed, marked, frozen, lightly drained, very slow
A: large, unfitting armour, claws 3, regeneration 1, shaggy fur 1, tough skin 1,
hooves 1, camouflage 1, deterioration 2, mutation resistance 1, poison
resistance, screaming 1, subdued magic 1
}: 1/15 runes: serpentine
a: Renounce Religion


You were on level 2 of the Vaults.
You worshipped Xom.
You were a beloved toy of Xom.
You visited 5 branches of the dungeon, and saw 29 of its levels.
You visited the Abyss 1 time.

You collected 3864 gold pieces.
You spent 2239 gold pieces at shops.


Innate Abilities, Weirdness & Mutations

You are too large for most types of armour.
You have claws for hands.
Your natural rate of healing is unusually fast.
You are covered in fur. (AC +1)
You have tough skin. (AC +1)
You have large cloven feet.
Your skin changes colour to match your surroundings (Stealth+).
Your body often deteriorates upon taking damage.
You are somewhat resistant to further mutation.
Your system is resistant to poisons. (rPois)
You occasionally shout uncontrollably at your foes.
Your spells are a little easier to cast, but a little less powerful.


   Skills:
 + Level 8.7 Fighting
 - Level 12.2 Throwing
 - Level 14.2 Armour
 - Level 1.9 Dodging
 - Level 15.0 Shields
 + Level 19.1 Unarmed Combat
 - Level 4.9 Evocations


You had 18 spell levels left.
You didn't know any spells.
Your spell library contained the following spells:

 Spells                   Type           Power      Damage    Failure   Level
 Animate Skeleton         Necr           0%         N/A       71%         1
 Corona                   Hex            0%         N/A       71%         1
 Magic Dart               Conj           0%         1d3       71%         1
 Pain                     Necr           0%         1d4       71%         1
 Blink                    Tloc           N/A        N/A       83%         2
 Call Imp                 Summ           0%         N/A       83%         2
 Corpse Rot               Necr/Air       N/A        N/A       83%         2
 Ensorcelled Hibernation  Hex/Ice        0%         N/A       83%         2
 Poisonous Vapours        Pois/Air       0%         N/A       83%         2
 Static Discharge         Conj/Air       0%         N/A       83%         2
 Sublimation of Blood     Necr           0%         N/A       83%         2
 Call Canine Familiar     Summ           0%         N/A       97%         3
 Frozen Ramparts          Ice            0%         1d2       97%         3
 Mephitic Cloud           Conj/Pois/Air  0%         N/A       97%         3
 Portal Projectile        Hex/Tloc       0%         N/A       97%         3
 Stone Arrow              Conj/Erth      0%         3d7       97%         3
 Tukima's Dance           Hex            0%         N/A       97%         3
 Vampiric Draining        Necr           0%         2d6       97%         3
 Animate Dead             Necr           0%         N/A       100%        4
 Dispel Undead            Necr           0%         3d6       100%        4
 Ice Form                 Ice/Tmut       0%         N/A       100%        4
 Leda's Liquefaction      Hex/Erth       0%         N/A       100%        4
 Petrify                  Tmut/Erth      0%         N/A       100%        4
 Sticky Flame             Conj/Fire      0%         2d3       100%        4
 Summon Ice Beast         Ice/Summ       0%         N/A       100%        4
 Bolt of Magma            Conj/Fire/Erth 0%         4d4       100%        5
 Borgnjor's Vile Clutch   Necr/Erth      0%         N/A       100%        5
 Fireball                 Conj/Fire      0%         3d3       100%        5
 Freezing Cloud           Conj/Ice/Air   0%         6-21      100%        5
 Irradiate                Conj/Tmut      0%         3d14      100%        5
 Iskenderun's Battlesphe  Conj           0%         2d6       100%        5
 Manifold Assault         Tloc           0%         N/A       100%        5
 Conjure Ball Lightning   Conj/Air       0%         3x3d6     100%        6
 Death Channel            Necr           0%         N/A       100%        6
 Orb of Destruction       Conj           0%         N/A       100%        7
 Storm Form               Tmut/Air       0%         N/A       100%        7
 Discord                  Hex            0%         N/A       100%        8
 Disjunction              Tloc           0%         N/A       100%        8
 Shatter                  Erth           0%         3d5*      100%        9

Inventory:

Missiles
 e - 10 javelins
 p - 2 throwing nets {=f}
 y - 90 poisoned darts
 A - 7 large rocks (quivered) {=f}
 J - 3 curare-tipped darts {=f}
 Q - 6 silver javelins
Armour
 i - a +0 tower shield (worn)
 m - a +1 cloak (worn)
 U - the +2 fire dragon scales of the Devil's Advocate (worn) {rF++ rC- Regen+ Dex+3}
   (You bought it in a shop on level 1 of the Dungeon)

   Dex:       It affects your dexterity (+3).
   rF:        It greatly protects you from fire.
   rC:        It makes you vulnerable to cold.
   Regen:     It increases your rate of health regeneration.
Jewellery
 c - a ring of protection from cold (left claw)
 f - a ring of fire
 j - an amulet of regeneration (around neck)
 o - an amulet of faith {!P}
 t - a +4 ring of protection
 v - a ring of see invisible
 C - a ring of fire
 F - a ring of protection from fire
 L - a ring of flight
 R - a ring of resist corrosion
 T - a +4 ring of protection (right claw)
 W - a ring of willpower
Wands
 k - a wand of digging (14)
 r - a wand of charming (2)
 s - a wand of mindburst (6)
 w - a wand of acid (4)
 E - a wand of paralysis (14)
 O - a wand of iceblast (11)
 S - a wand of flame (22)
Scrolls
 a - a scroll of brand weapon
 g - 7 scrolls of enchant armour
 h - a scroll of amnesia
 x - 11 scrolls of identify {@r1}
 P - 2 scrolls of magic mapping
Potions
 b - 6 potions of curing {@q1}
 l - 3 potions of flight
 n - 10 potions of ambrosia
 q - 2 potions of cancellation
 u - 3 potions of lignification
 B - 3 potions of magic
 D - a potion of mutation
 H - a potion of brilliance
 I - a potion of heal wounds {@q2}
 K - 2 potions of resistance
 Y - 2 potions of berserk rage {!q}
 Z - a potion of might
Miscellaneous
 d - a condenser vane
 z - a piece from Xom's chessboard (15/15)
 G - a lightning rod (4/4)

Dungeon Overview and Level Annotations

Branches:
Dungeon (15/15)            Temple (0/1) D:6            Lair (6/6) D:9
  Swamp (0/4) Lair:2        Snake (4/4) Lair:4        Slime (0/5) Lair:5
    Orc (2/2) D:10            Elf (0/3) Orc:2        Vaults (2/5) D:13
 Depths (0/5) D:15
  Crypt: Vaults:2-3

Altars:
Ashenzari
Cheibriados
Dithmenos
Fedhas
Gozag
Hepliaklqana
Kikubaaqudgha
Okawaru
Sif Muna
Vehumet
Xom
Yredelemnul
Zin

Shops:
D:1 [=([   D:4 !=(:!   D:13 =   Orc:2 ?*![**   Vaults:1 [

Annotations:
D:4 1 runed translucent door, Crazy Yiuf
D:5 2 transporters
D:10 1 runed translucent door, FortyBot's ghost, journeyman FoFi
Snake:2 Roxanne
Snake:4 3 runed translucent doors, Powertoast's ghost, adept MiBe
Orc:1 1 runed translucent door, bronco's ghost, journeyman KoGl

▒▒▒▒▒▒......▒▒▒▒'
▒▒...▒▒...........
▒.....▒...........
▒▒...▒▒...........
▒.....▒...........
▒▒...▒▒...........
▒...(p'...........
*▒▒▒▒**▒▒T..▒▒...........
*..p..,▒@T...▒..▒▒▒▒▒▒▒▒▒
*......▒▒G..▒▒))▒........
*......p.....▒..▒..▒.▒.▒.
*......▒▒...▒▒..▒.<▒▒▒▒▒▒
*.....,*▒▒▒▒▒▒..▒..▒.▒)▒.
*....,,* ▒..▒........
*...,,,* ▒..▒▒▒▒▒▒▒▒▒
*..,,,,* ▒.....^.....
*.,,,,,* ▒.......▒▒▒▒


You could see a great orb of eyes, an ironbound frostheart and 2 deep trolls.


Message History

The deep troll bites you!
* * * LOW HITPOINT WARNING * * *
The deep troll claws you but does no damage. x2
The ice encasing you melts away. The great orb of eyes gazes at you.
You resist with some effort. The deep troll bites you!
* * * LOW HITPOINT WARNING * * *
The deep troll claws you!
* * * LOW HITPOINT WARNING * * *
The deep troll claws you!
* * * LOW HITPOINT WARNING * * *
The deep troll bites you but does no damage.
The deep troll claws you but does no damage.
The deep troll claws you.
* * * LOW HITPOINT WARNING * * *
The great orb of eyes bites you but does no damage.
The ironbound frostheart calls freezing cold from the walls.
The frost grips you!
* * * LOW HITPOINT WARNING * * *
You are encased in ice.
The deep troll bites you!
* * * LOW HITPOINT WARNING * * *
The deep troll claws you but does no damage.
The deep troll claws you!
* * * LOW HITPOINT WARNING * * *
The deep troll bites you but does no damage.
The deep troll claws you but does no damage.
The deep troll claws you!
You die...
Xom snickers!

Skill      XL: |  1  2  3  4  5  6  7  8  9 10 11 12 13 14 15 16 17 18 19 |
---------------+----------------------------------------------------------+-----
Unarmed Combat | 4 5 6 7 9 11 12 14 15 16 17 18 19 | 19.1
Shields        | 2 3 4 6 8 9 12 13 14 15 | 15.0
Throwing       | 7 9 12 | 12.2
Fighting       | 4 6 8 |  8.7
Evocations     | 2 4 |  4.9
Armour         | 8 11 14 | 14.2
Dodging        | |  1.9

Action                   |  1- 3 |  4- 6 |  7- 9 | 10-12 | 13-15 | 16-18 | 19-21 || total
-------------------------+-------+-------+-------+-------+-------+-------+-------++-------
Melee: Unarmed           |    80 |   179 |   298 |   508 |  1594 |  1745 |   332 ||  4736
       Punch             |     1 |       |       |       |       |       |       ||     1
       Kick              |       |       |       |   123 |   494 |   705 |   166 ||  1488
Throw: Dart              |       |       |     2 |     8 |     2 |     2 |       ||    14
       Javelin           |       |       |       |     3 |     7 |     6 |       ||    16
       Large rock        |       |       |       |       |    47 |   127 |     9 ||   183
       Throwing net      |       |       |       |       |     2 |       |       ||     2
Evoke: Wand              |       |       |     1 |    15 |    24 |     5 |     1 ||    46
       Condenser vane    |       |       |       |       |     5 |     6 |     1 ||    12
       Lightning rod     |       |       |       |       |     6 |    11 |     4 ||    21
  Use: Scroll            |     4 |     4 |     6 |     7 |    11 |    14 |     5 ||    51
       Potion            |       |     5 |     3 |     1 |     8 |    12 |     2 ||    31
 Stab: Sleeping          |       |     4 |     3 |     1 |     4 |       |       ||    12
       Distracted        |       |       |       |     2 |     4 |     4 |       ||    10
       Petrified         |       |       |       |     6 |     4 |       |       ||    10
       Confused          |       |       |       |     4 |     4 |    10 |     1 ||    19
       Petrifying        |       |       |       |       |     5 |       |       ||     5
       Invisible         |       |       |       |       |       |     2 |     1 ||     3
       Fleeing           |       |       |       |       |       |       |     1 ||     1
Armor: Robe              |    42 |    71 |   131 |   130 |       |       |       ||   374
       Troll leather arm |       |       |       |    14 |   352 |       |       ||   366
       Fire dragon scale |       |       |       |       |     1 |   381 |   107 ||   489
Dodge: Dodged            |    37 |    34 |    67 |   108 |   284 |   275 |    53 ||   858
Block: Tower shield      |     7 |   129 |   224 |   445 |  1449 |  1496 |   264 ||  4014

Levels and vault maps discovered:
D:1:      psy_arrival_dodecagon, layout_rooms, serial_shops,
          nicolae_square_shop, shop, shop, shop
D:2:      layout_basic, basic_altar, uniq_terence, uniq_sigmund, uniq_natasha
D:3:      kennysheep_goblin_castle, layout_basic, okawaru_metal_pillars_1_2
D:4:      layout_basic, serial_shops, shop, minmay_shop_grid_forest,
          uniq_menkaure, uniq_edmund, uniq_crazy_yiuf_cottage
D:5:      gammafunk_wand_slinger, layout_basic, gammafunk_ghost_grave
D:6:      layout_gridville, cheibrodos_ashenzari_chains,
          nicolae_dithmenos_shadow_blocks, minmay_temple_entry_mist,
          minmay_circle_x
D:7:      layout_rooms
D:8:      layout_loops_ring, gammafunk_temple_overflow_elements,
          nicolae_overflow_quartered_altars, water_boxes_lemuel, uniq_psyche,
          uniq_joseph, uniq_harold
D:9:      layout_rooms, mainiacjoe_overflow_concentric_impassable,
          minmay_lair_entry_grove, kennysheep_dice
D:10:     layout_loops_corners, mainiacjoe_overflow_paths,
          mainiacjoe_overflow_two_lobes, hiddenorc1_lemuel,
          ebering_ghost_reflecting_pool
D:11:     layout_basic, special_room [special_room_bee],
          statue_in_the_mist_lemuel
D:12:     layout_basic, hellmonk_guarded_unrand_staff_of_battle, uniq_sonja
D:13:     layout_stronghold, david_vaults_1, serial_shops, shop_statue,
          uniq_erolcha
D:14:     layout_gridville, serial_bayou_lagoon_a,
          einodemon_armed_red_devil_minivault, uniq_josephine
D:15:     hangedman_depths_entry_civil_slaughter, layout_rooms,
          hangedman_decor_slide_cut
Lair:1:   layout_gridlike
Lair:2:   layout_chaotic_city, swamp_mist, lemuel_fruit_tree
Lair:3:   layout_cave_shapes, serial_bayou_shore_b, grunt_megastairs_4,
          infiniplex_staircase_pool
Lair:4:   layout_misc_corridors, minmay_snake_entry_six_corridors,
          minmay_lair_oklob_chamber
Lair:5:   layout_misc_corridors, minmay_slime_entry_jelly_boxes
Lair:6:   evilmike_catoblepas_cave, layout_big_grid,
          chequers_serial_rivers_micro_a
Snake:1:  layout_layer_cave, grunt_ministairs_2, uniq_aizul, uniq_jorgrun
Snake:2:  layout_honeycomb, uniq_saint_roka, uniq_vashnia, uniq_louise,
          uniq_roxanne
Snake:3:  layout_chambers, nicolae_snake_boneroom
Snake:4:  hellmonk_snake_rune_quicksilver_temple, layout_cave_town,
          gammafunk_ghost_necromancy, serial_bayou_shore_b
Orc:1:    layout_caves, gammafunk_ghost_grave
Orc:2:    st_orc_ogre_mass, layout_diamond_mine, serial_shops, shop, shop
Vaults:1: hangedman_vaults_locks, st_quartered_hall,
          nicolae_vaults_three_branches, vaults_dpeg_hooks, v_misc_15,
          v_pattern_2, nicolae_vaults_asterisk, nicolae_vaults_specimen_jars,
          v_misc_12, serial_ice_b, vaults_dpeg_ring, layout_vaults_omnicross,
          serial_shops, shop
Vaults:2: vaults_room_hallway, nicolae_vaults_big_ls, nicolae_vaults_alarming,
          v_misc_28, vaults_room_grid, nicolae_vaults_windows_and_doors_thing,
          nicolae_vaults_shelves_hall, vaults_dpeg_cross,
          ontoclasm_vaults_loading_screen, layout_vaults_big_room

Notes
Turn   | Place    | Note
-------+----------+-------------------------------------------
     0 | D:1      | demibob the Troll Chaos Knight began the quest for the Orb.
     0 | D:1      | Reached XP level 1. HP: 22/22 MP: 0/0
    45 | D:1      | Found Cefo's Antique Armour Shoppe.
    48 | D:1      | XOM: silly message
    55 | D:1      | Reached XP level 2. HP: 29/29 MP: 1/1
   106 | D:1      | Found Rifax's Jewellery Emporium.
   226 | D:1      | Reached skill level 4 in Unarmed Combat
   249 | D:1      | Found Vassisur's Armour Shoppe.
   264 | D:1      | Reached XP level 3. HP: 36/36 MP: 2/2
   289 | D:1      | Bought a +0 tower shield for 49 gold pieces
   379 | D:1      | Found Qupner's Antique Weapon Boutique.
   550 | D:2      | Noticed Terence
   553 | D:2      | Noticed Natasha
   560 | D:2      | Killed Terence
   561 | D:2      | Reached XP level 4. HP: 41/44 MP: 3/3
   570 | D:2      | Killed Natasha
   571 | D:2      | Reached skill level 1 in Shields
   596 | D:2      | Noticed Sigmund
   603 | D:2      | XOM: cast spell 'Leda's Liquefaction'
   604 | D:2      | XOM: enchant monster (good)
   616 | D:2      | Killed Sigmund
   617 | D:2      | Reached skill level 2 in Shields
   617 | D:2      | Reached skill level 5 in Unarmed Combat
   617 | D:2      | Reached XP level 5. HP: 45/50 MP: 4/4
   628 | D:2      | XOM: summons 3 hostile demons
   675 | D:2      | Found a shadowy altar of Dithmenos.
   693 | D:2      | Reached skill level 6 in Unarmed Combat
   693 | D:2      | Reached XP level 6. HP: 59/59 MP: 5/5
   708 | D:2      | XOM: give mutations
   708 | D:2      | Gained mutation: You are clumsy. (Dex -2) [Xom's mischief]
   708 | D:2      | Gained mutation: You are dopey. (Int -2) [Xom's mischief]
   708 | D:2      | Gained mutation: Your body sometimes deteriorates upon
                  | taking damage. [Xom's mischief]
   868 | D:2      | Identified a potion of resistance
   889 | D:2      | Noticed Natasha
   889 | D:2      | XOM is BORED!
   889 | D:2      | XOM: give mutation
   889 | D:2      | Gained mutation: You are very dopey. (Int -4) [Xom's
                  | mischief]
   896 | D:2      | Killed Natasha
   896 | D:2      | Noticed Natasha
   896 | D:2      | XOM: confuse monster(s)
   908 | D:2      | Killed Natasha
  1016 | D:2      | XOM: god gift: leather armour {god gift}
  1423 | D:3      | XOM: 1-stop teleportation journey
  1527 | D:3      | Noticed Robin
  1533 | D:3      | XOM: swap monsters
  1547 | D:3      | Killed Robin
  1710 | D:3      | Found an iron altar of Okawaru.
  1870 | D:3      | XOM: give mutations
  1870 | D:3      | Gained mutation: You are strong-willed. (Will+) [Xom's
                  | grace]
  1870 | D:3      | Gained mutation: You possess an exceptional clarity of
                  | mind. [Xom's grace]
  1870 | D:3      | Gained mutation: Your skin changes colour to match your
                  | surroundings (Stealth+). [Xom's grace]
  1944 | D:3      | XOM: summons 1 hostile demon
  2232 | D:4      | Found Untoddet's Distillery.
  2232 | D:4      | Found Orriq's Weapon Shop.
  2233 | D:4      | Found Biapesuk's Book Shop.
  2239 | D:4      | Found Zaef's Jewellery Shop.
  2281 | D:4      | Bought a potion of mutation for 88 gold pieces
  2302 | D:4      | Found a runed translucent door.
  2303 | D:4      | Identified the +8 mace of Moral Flaws {flame, rElec rF+}
  2303 | D:4      | Noticed Crazy Yiuf
  2306 | D:4      | Lost mutation: You are very dopey. (Int -4) [potion of
                  | mutation]
  2306 | D:4      | Lost mutation: You possess an exceptional clarity of mind.
                  | [potion of mutation]
  2306 | D:4      | Lost mutation: Your body sometimes deteriorates upon taking
                  | damage. [potion of mutation]
  2306 | D:4      | Gained mutation: You are partially covered in iridescent
                  | scales. (AC +2) [potion of mutation]
  2306 | D:4      | Gained mutation: You have a pair of small antennae on your
                  | head. [potion of mutation]
  2365 | D:4      | Found Vusox's Distillery.
  2376 | D:4      | XOM: polymorph gnoll -> hound
  2377 | D:4      | Reached skill level 3 in Shields
  2388 | D:4      | XOM: god gift: 51 gold pieces
  2389 | D:4      | Reached XP level 7. HP: 66/66 MP: 6/6
  2470 | D:4      | Reached skill level 7 in Unarmed Combat
  2545 | D:4      | Noticed Menkaure
  2547 | D:4      | Killed Menkaure
  2555 | D:4      | Reached skill level 4 in Shields
  2666 | D:4      | XOM: give mutations
  2666 | D:4      | Lost mutation: You are dopey. (Int -2) [Xom's grace]
  2666 | D:4      | Gained mutation: You expend magic power (3 MP) to
                  | strengthen your wands. [Xom's grace]
  2666 | D:4      | Gained mutation: Your muscles are strong. (Str +2) [Xom's
                  | grace]
  2666 | D:4      | Gained mutation: You are mostly covered in iridescent
                  | scales. (AC +4) [Xom's grace]
  2684 | D:4      | Noticed Edmund
  2694 | D:4      | Killed Edmund
  2695 | D:4      | Reached XP level 8. HP: 72/74 MP: 7/7
  3025 | D:5      | Entered Level 5 of the Dungeon
  3054 | D:5      | Found a runed translucent door.
  3080 | D:5      | Reached skill level 8 in Unarmed Combat
  3139 | D:5      | Found a transporter.
  3195 | D:5      | XOM: confuse monster(s)
  3328 | D:5      | Noticed croobank's ghost (weakling DgDe)
  3354 | D:5      | Found a transporter.
  3458 | D:5      | XOM: give mutations
  3458 | D:5      | Gained mutation: Your mind is acute. (Int +2) [Xom's
                  | mischief]
  3458 | D:5      | Lost mutation: You have a pair of small antennae on your
                  | head. [Xom's mischief]
  3458 | D:5      | Lost mutation: You are mostly covered in iridescent scales.
                  | (AC +4) [Xom's mischief]
  3826 | D:5      | Reached skill level 5 in Shields
  3899 | D:5      | Killed croobank's ghost
  3941 | D:6      | Found a shadowy altar of Dithmenos.
  3968 | D:6      | XOM: noise
  4078 | D:6      | Found a staircase to the Ecumenical Temple.
  4108 | D:6      | Found a broken altar of Ashenzari.
  4192 | D:6      | Reached skill level 9 in Unarmed Combat
  4294 | D:6      | Noticed a purple ugly thing
  4305 | D:6      | XOM: summons 4 hostile demons
  4325 | D:6      | XOM: divination: detect creatures
  4341 | D:6      | Reached skill level 6 in Shields
  4365 | D:6      | Killed a purple ugly thing
  4366 | D:6      | Reached XP level 9. HP: 80/80 MP: 8/8
  4504 | D:7      | XOM: stealth player
  4540 | D:7      | XOM: divination: magic mapping
  4562 | D:7      | XOM: divination: magic mapping
  4659 | D:7      | Reached skill level 10 in Unarmed Combat
  4891 | D:8      | Noticed Joseph
  4927 | D:8      | Reached skill level 7 in Shields
  4932 | D:8      | XOM: divination: detect creatures
  4933 | D:8      | XOM: cast spell 'Alistair's Intoxication'
  4944 | D:8      | Killed Joseph
  4977 | D:8      | Paralysed by a hornet for 2 turns
  4981 | D:8      | XOM: enchant monster (bad)
  5052 | D:8      | Found a shimmering altar of Xom.
  5052 | D:8      | Found a basalt altar of Yredelemnul.
  5053 | D:8      | Found a snail-covered altar of Cheibriados.
  5135 | D:8      | Noticed Harold
  5143 | D:8      | Killed Harold
  5144 | D:8      | Reached skill level 8 in Shields
  5144 | D:8      | Reached skill level 11 in Unarmed Combat
  5144 | D:8      | Reached XP level 10. HP: 88/88 MP: 5/9
  5499 | D:8      | XOM: divine lightning
  5590 | D:8      | Found a blossoming altar of Fedhas.
  5610 | D:8      | Noticed Psyche
  5613 | D:8      | Killed Psyche
  5718 | D:8      | XOM: god gift: 12 gold pieces
  5907 | D:8      | Found a glowing silver altar of Zin.
  5907 | D:8      | Found a radiant altar of Vehumet.
  6327 | D:9      | XOM: enchant monster (good)
  6338 | D:9      | XOM: summons 6 friendly demons
  6346 | D:9      | Reached skill level 9 in Shields
  6371 | D:9      | Reached skill level 12 in Unarmed Combat
  6383 | D:9      | XOM: cleaving
  6434 | D:9      | Noticed a two-headed ogre
  6434 | D:9      | XOM: 1-stop teleportation journey
  6439 | D:9      | XOM: summons 2 friendly demons
  6446 | D:9      | Killed a two-headed ogre
  6498 | D:9      | Found an ancient bone altar of Kikubaaqudgha.
  6658 | D:9      | Found a staircase to the Lair.
  6688 | D:9      | XOM: divination: magic mapping
  6703 | D:9      | XOM: polymorph kobold -> rat
  6706 | D:9      | XOM: give mutations
  6706 | D:9      | Gained mutation: You have large cloven feet. [Xom's grace]
  6706 | D:9      | Lost mutation: You are clumsy. (Dex -2) [Xom's grace]
  6934 | D:9      | XOM: give mutations
  6934 | D:9      | Gained mutation: Armour fits poorly on your strangely
                  | shaped body. [Xom's mischief]
  6934 | D:9      | Gained mutation: You are frail. (-10% HP) [Xom's mischief]
  6934 | D:9      | Gained mutation: You are mostly covered in iridescent
                  | scales. (AC +4) [Xom's mischief]
  6965 | D:10     | Entered Level 10 of the Dungeon
  7070 | D:10     | XOM is BORED!
  7070 | D:10     | XOM: 1-stop teleportation journey
  7077 | D:10     | Found a staircase to the Orcish Mines.
  7077 | D:10     | XOM: 3-stop teleportation journey
  7084 | D:10     | XOM: fake destruction
  7088 | D:10     | Reached XP level 11. HP: 84/84 MP: 10/10
  7123 | D:10     | XOM: potion effect (experience)
  7123 | D:10     | Reached skill level 12 in Shields
  7123 | D:10     | Reached XP level 12. HP: 93/93 MP: 11/11
  7126 | D:10     | XOM: cleaving
  7129 | D:10     | XOM: potion effect (berserk rage)
  7148 | D:10     | XOM: god gift: 8 gold pieces
  7409 | D:10     | Found an opulent altar of Gozag.
  7438 | D:10     | Found a hazy altar of Hepliaklqana.
  7502 | D:10     | Found a runed translucent door.
  7508 | D:10     | Noticed FortyBot's ghost (journeyman FoFi)
  7633 | D:10     | Found a shimmering blue altar of Sif Muna.
  7699 | D:10     | XOM: summons friendly white imp
  7706 | D:10     | XOM: give mutations
  7706 | D:10     | Lost mutation: You are frail. (-10% HP) [Xom's grace]
  7706 | D:10     | Gained mutation: You are robust. (+10% HP) [Xom's grace]
  7937 | D:10     | XOM: give mutations
  7937 | D:10     | Gained mutation: Your system is resistant to poisons.
                  | (rPois) [Xom's grace]
  7937 | D:10     | Gained mutation: Your mind is very acute. (Int +4) [Xom's
                  | grace]
  8041 | D:10     | XOM is BORED!
  8041 | D:10     | XOM: noise
  8109 | D:9      | XOM: give mutations
  8109 | D:9      | Lost mutation: You are mostly covered in iridescent scales.
                  | (AC +4) [Xom's mischief]
  8109 | D:9      | Lost mutation: Your mind is very acute. (Int +4) [Xom's
                  | mischief]
  8109 | D:9      | Gained mutation: You are clumsy. (Dex -2) [Xom's mischief]
  8116 | Lair:1   | Entered Level 1 of the Lair of Beasts
  8168 | Lair:1   | Reached skill level 13 in Unarmed Combat
  8189 | Lair:1   | XOM: confuse monster(s)
  8259 | Lair:1   | XOM: scenery: create altars
  8276 | Lair:1   | XOM: polymorph cane toad -> river rat
  8362 | Lair:1   | Noticed a four-headed hydra
  8362 | Lair:1   | XOM: 2-stop teleportation journey
  8363 | Lair:1   | XOM: silly message
  8372 | Lair:1   | Killed a four-headed hydra
  8372 | Lair:1   | XOM: 1-stop teleportation journey
  8542 | Lair:1   | XOM: confusion
  8731 | Lair:1   | XOM: enchant monster (bad)
  8988 | Lair:2   | Noticed a boulder beetle
  8998 | Lair:2   | a boulder beetle changed into an eye of devastation
  8998 | Lair:2   | XOM: polymorph boulder beetle -> eye of devastation
  9072 | Lair:2   | XOM is BORED!
  9072 | Lair:2   | XOM: polymorph bullfrog -> swamp drake
  9152 | Lair:2   | XOM: destruction
  9152 | Lair:2   | Noticed a five-headed hydra
  9154 | Lair:2   | Noticed a catoblepas
  9156 | Lair:2   | XOM: enchant monster (good)
  9221 | Lair:2   | XOM: summons friendly ufetubus
  9231 | Lair:2   | Reached skill level 13 in Shields
  9248 | Lair:2   | XOM: scenery: summon butterflies
  9254 | Lair:2   | XOM: polymorph butterfly -> steam dragon
  9279 | Lair:2   | XOM: enchant monster (good)
  9283 | Lair:2   | XOM: confuse monster(s)
  9297 | Lair:2   | Noticed a six-headed hydra
  9397 | D:11     | XOM: confuse monster(s)
  9407 | D:11     | Reached skill level 14 in Unarmed Combat
  9438 | D:11     | XOM: 2-stop teleportation journey
  9445 | D:11     | XOM: destruction
  9574 | D:11     | XOM: divination: detect creatures
  9576 | D:11     | XOM: cleaving
  9794 | D:11     | Reached XP level 13. HP: 121/121 MP: 12/12
  9835 | D:11     | XOM: god gift: 19 stones
  9954 | D:11     | XOM: noise
  9960 | D:11     | Reached skill level 1 in Throwing
  9968 | D:11     | XOM: god gift: piece from Xom's chessboard (15/15)
  9976 | D:11     | XOM: divination: detect creatures
 10172 | D:11     | XOM: scenery: create altars
 10200 | D:11     | XOM: god gift: +7 halberd of chaos
 10256 | D:12     | Reached skill level 2 in Throwing
 10455 | D:12     | XOM: enchant monster (good)
 10458 | D:12     | Noticed Sonja
 10462 | D:12     | Killed Sonja
 10469 | D:12     | XOM: enchant monster (good)
 10472 | D:12     | Reached skill level 3 in Throwing
 10472 | D:12     | XOM: summons 13 friendly demons
 10617 | D:12     | Found the +0 staff of Battle
 10631 | D:12     | XOM: fake destruction
 10635 | D:12     | XOM: cleaving
 10672 | D:12     | XOM: divination: magic mapping
 10754 | D:12     | XOM: god gift: 12 stones
 10814 | D:12     | XOM: summons 5 friendly demons
 10833 | D:12     | XOM: enchant monster (good)
 10838 | D:12     | Reached skill level 4 in Throwing
 11245 | D:13     | XOM: 1-stop teleportation journey
 11250 | D:13     | XOM: summons friendly white imp
 11263 | D:13     | Reached skill level 14 in Shields
 11269 | D:13     | XOM: confuse monster(s)
 11273 | D:13     | Noticed Erolcha
 11274 | D:13     | Reached skill level 5 in Throwing
 11278 | D:13     | HP: 12/121 [gargoyle (10)]
 11279 | D:13     | HP: 1/121 [gargoyle/stone arrow (14)]
 11392 | D:13     | XOM: confuse monster(s)
 11469 | D:13     | Found a gate to the Vaults.
 11488 | D:13     | Killed Erolcha
 11550 | D:13     | XOM: scenery: 1 doors close
 11555 | D:13     | XOM: enchant monster (good)
 11607 | D:13     | XOM: summons friendly crimson imp
 11611 | D:13     | Reached skill level 6 in Throwing
 11614 | D:13     | XOM: silly message
 11684 | D:13     | XOM: divination: detect items
 11804 | D:13     | Found Ydueqit's Jewellery Boutique.
 11915 | D:13     | XOM: swap monsters
 11919 | D:13     | XOM: 3-stop teleportation journey
 11921 | D:13     | XOM: cleaving
 11924 | D:13     | XOM: potion effect (haste)
 11934 | D:13     | XOM: fog
 11939 | D:13     | XOM: divine lightning
 11949 | D:13     | Reached skill level 7 in Throwing
 12248 | D:14     | Noticed Josephine
 12301 | D:14     | XOM: confusion
 12343 | D:14     | XOM: cloud trail
 12373 | D:14     | XOM: 8-stop teleportation journey
 12391 | D:14     | Reached XP level 14. HP: 129/129 MP: 13/13
 12539 | D:14     | XOM: fake destruction
 12569 | D:14     | XOM: confuse monster(s)
 12587 | D:13     | HP: 10/129 [tengu warrior (8)]
 12587 | D:13     | HP: 1/129 [tengu warrior (9)]
 12618 | D:13     | XOM: scenery: create altars
 12631 | D:13     | XOM: god gift: book of the Hunter
 12976 | Lair:2   | Found a staircase to the Swamp.
 13078 | Lair:2   | Reached skill level 15 in Shields
 13107 | Lair:2   | XOM: 2-stop teleportation journey
 13128 | Lair:2   | XOM: divination: magic mapping
 13198 | Lair:2   | XOM: silly message
 13258 | Lair:3   | XOM: fake destruction
 13268 | Lair:3   | XOM: cleaving
 13271 | Lair:3   | HP: 5/129 [seven-headed hydra (10)]
 13380 | Lair:3   | XOM: noise
 13460 | Lair:3   | XOM: cast spell 'Alistair's Intoxication'
 13481 | Lair:3   | XOM: noise
 13485 | Lair:3   | XOM: fog
 13521 | Lair:3   | XOM: silly message
 13549 | Lair:3   | XOM: polymorph blink frog -> hornet
 13603 | Lair:3   | XOM: repel stairs
 13650 | Lair:3   | Reached skill level 8 in Throwing
 13667 | Lair:3   | Identified the +8 quarterstaff of the Final Decision
                  | {protect, rPois rF+ rN+ Str-5}
 13893 | Lair:3   | XOM: give mutations
 13893 | Lair:3   | Lost mutation: Armour fits poorly on your strangely shaped
                  | body. [Xom's mischief]
 13893 | Lair:3   | Lost mutation: Your muscles are strong. (Str +2) [Xom's
                  | mischief]
 14260 | Lair:4   | Reached skill level 3 in Fighting
 14263 | Lair:4   | XOM: give mutations
 14263 | Lair:4   | Lost mutation: You are clumsy. (Dex -2) [Xom's mischief]
 14263 | Lair:4   | Gained mutation: You occasionally shout uncontrollably at
                  | your foes. [Xom's mischief]
 14322 | Lair:4   | Found a staircase to the Snake Pit.
 14322 | Lair:4   | XOM: 3-stop teleportation journey
 14464 | Lair:4   | Reached skill level 15 in Unarmed Combat
 14532 | Lair:4   | XOM: 2-stop teleportation journey
 14542 | Lair:4   | XOM: polymorph black mamba -> spriggan
 14557 | Lair:4   | Reached skill level 9 in Throwing
 14562 | Lair:4   | XOM: silly message
 14651 | Lair:4   | XOM: god gift: lightning rod (4/4)
 15147 | Lair:5   | XOM: 2-stop teleportation journey
 15161 | Lair:5   | Reached skill level 4 in Fighting
 15165 | Lair:5   | XOM: enchant monster (good)
 15166 | Lair:5   | XOM: fog
 15242 | Lair:5   | XOM: scenery: create altars
 15312 | Lair:5   | Found a staircase to the Slime Pits.
 15319 | Lair:5   | Reached skill level 1 in Evocations
 15462 | Lair:5   | XOM: god gift: book of the Hunter
 15493 | Lair:5   | XOM: give mutations
 15493 | Lair:5   | Gained mutation: You are clumsy. (Dex -2) [Xom's mischief]
 15493 | Lair:5   | Lost mutation: You are partially covered in iridescent
                  | scales. (AC +2) [Xom's mischief]
 15540 | Lair:5   | XOM: 2-stop teleportation journey
 15574 | Lair:5   | XOM: scenery: create altars
 15738 | Lair:6   | Entered Level 6 of the Lair of Beasts
 15765 | Lair:6   | XOM: cleaving
 15985 | Lair:6   | XOM: god gift: scroll of enchant weapon
 15988 | Lair:6   | XOM: divine lightning
 16003 | Lair:6   | Reached skill level 2 in Evocations
 16015 | Lair:6   | XOM: snakes to sticks
 16018 | Lair:6   | Reached XP level 15. HP: 140/144 MP: 14/14
 16033 | Lair:6   | Reached skill level 10 in Throwing
 16189 | Lair:6   | XOM: 4-stop teleportation journey
 16302 | Lair:6   | Reached skill level 5 in Fighting
 16318 | Lair:6   | XOM: confusion (+ monsters)
 16328 | Lair:6   | XOM: polymorph death yak -> shapeshifter
 16371 | Lair:6   | XOM: god gift: lajatang {god gift}
 16391 | Lair:6   | XOM: confusion
 16460 | Lair:6   | XOM: enchant monster (good)
 16494 | Lair:6   | Reached skill level 3 in Evocations
 17092 | Lair:2   | XOM: enchant monster (bad)
 17150 | Lair:2   | XOM: summons 8 hostile demons
 17583 | D:13     | XOM: draining
 17585 | D:13     | Killed Josephine
 17640 | D:14     | XOM: blink monster(s)
 17716 | D:14     | XOM: confusion
 17726 | D:14     | Reached skill level 11 in Throwing
 18023 | D:14     | XOM: destruction
 18040 | D:14     | XOM: chaos cloud
 18191 | D:14     | XOM: divination: detect items
 18197 | D:14     | Reached skill level 6 in Fighting
 18358 | D:14     | XOM: god gift: book of Necromancy
 18414 | D:15     | Entered Level 15 of the Dungeon
 18435 | D:15     | Reached skill level 4 in Evocations
 18465 | D:15     | You are cast into the Abyss!
 18465 | D:15     | Cast into level 2 of the Abyss (hell knight)
 18576 | Abyss:2  | XOM: enchant monster (good)
 18582 | Abyss:2  | XOM: cleaving
 18672 | Abyss:2  | XOM: smoke on damage
 18700 | Abyss:2  | XOM: summons friendly crimson imp
 18703 | Abyss:2  | Paralysed by accursed screaming for 1 turns
 18742 | Abyss:2  | XOM: fog
 18750 | Abyss:2  | XOM: confuse monster(s)
 18804 | Abyss:2  | XOM: fog
 18853 | Abyss:2  | Found a corrupted altar of Lugonu.
 18880 | Abyss:2  | Noticed a tentacled starspawn
 18881 | Abyss:2  | XOM: scenery: create altars
 18892 | Abyss:2  | XOM: cleaving
 18894 | Abyss:2  | Killed a tentacled starspawn
 18894 | Abyss:2  | XOM: divine lightning
 18900 | Abyss:2  | XOM: potion effect (berserk rage)
 18906 | Abyss:2  | XOM: confuse monster(s)
 18908 | Abyss:2  | HP: 20/228 [something (6)]
 18918 | Abyss:2  | Reached skill level 12 in Throwing
 19034 | D:15     | You pass through the gate.
 19034 | D:15     | Escaped the Abyss
 19042 | D:14     | XOM: scenery: 1 doors close
 19055 | D:15     | XOM: enchant monster (good)
 19069 | D:15     | XOM: noise
 19205 | D:15     | XOM: 1-stop teleportation journey
 19230 | D:15     | Found a staircase to the Depths.
 19334 | D:15     | XOM: torment (74/146 hp)
 19366 | D:15     | XOM: give mutation
 19366 | D:15     | Gained mutation: Your magical capacity is low. (-10% MP)
                  | [Xom's mischief]
 19380 | D:15     | XOM: confuse monster(s)
 19467 | D:15     | Identified the +3 ring mail of the Viny Snail {-Cast +Blink
                  | +Inv Str+5}
 19520 | D:15     | XOM: polymorph deep elf pyromancer -> water nymph
 19805 | D:3      | XOM: scenery: create altars
 19853 | D:1      | Bought the +2 fire dragon scales of the Devil's Advocate
                  | {rF++ rC- Regen+ Dex+3} for 916 gold pieces
 20112 | Snake:1  | Entered Level 1 of the Snake Pit
 20117 | Snake:1  | Identified a +2 robe of the Archmagi
 20117 | Snake:1  | Noticed Jorgrun
 20117 | Snake:1  | XOM: 7-stop teleportation journey
 20135 | Snake:1  | Reached XP level 16. HP: 157/158 MP: 13/13
 20182 | Snake:1  | XOM: summons friendly shadow imp
 20190 | Snake:1  | Reached skill level 1 in Armour
 20198 | Snake:1  | Reached skill level 2 in Armour
 20210 | Snake:1  | Noticed Aizul
 20218 | Snake:1  | Killed Aizul
 20230 | Snake:1  | XOM: polymorph salamander -> harpy
 20245 | Snake:1  | XOM: confuse monster(s)
 20309 | Snake:1  | Reached skill level 3 in Armour
 20329 | Snake:1  | XOM: god gift: 6 silver javelins
 20514 | Snake:1  | XOM: smoke on damage
 20516 | Snake:1  | XOM: smoke on damage
 20523 | Snake:1  | Killed Jorgrun
 20640 | Snake:1  | Reached skill level 4 in Armour
 21083 | Snake:1  | XOM: god gift: 604 gold pieces
 21263 | Snake:1  | XOM: scenery: summon butterflies
 21357 | Snake:2  | XOM: draining
 21391 | Snake:2  | Noticed Roxanne
 21410 | Snake:2  | Reached skill level 5 in Armour
 21470 | Snake:2  | XOM: noise
 21559 | Snake:2  | Noticed Louise
 21561 | Snake:2  | Noticed Vashnia
 21561 | Snake:2  | XOM: 2-stop teleportation journey
 21669 | Snake:2  | XOM: cleaving
 21674 | Snake:2  | XOM: chaos upgrade
 21677 | Snake:2  | XOM: give mutation
 21677 | Snake:2  | Lost mutation: You are clumsy. (Dex -2) [Xom's mischief]
 21687 | Snake:2  | XOM: potion effect (berserk rage)
 21703 | Snake:2  | Reached skill level 6 in Armour
 21703 | Snake:2  | XOM: potion effect (haste)
 21721 | Snake:2  | XOM: potion effect (curing)
 21724 | Snake:2  | XOM: fake destruction
 21730 | Snake:2  | Killed Vashnia
 21730 | Snake:2  | XOM: cast spell 'Summon Hydra'
 21735 | Snake:2  | XOM: 1-stop teleportation journey
 21866 | Snake:2  | Killed Louise
 21870 | Snake:2  | XOM: swap monsters
 21967 | Snake:2  | XOM: give mutations
 21967 | Snake:2  | Lost mutation: Your magical capacity is low. (-10% MP)
                  | [Xom's mischief]
 21967 | Snake:2  | Lost mutation: Your mind is acute. (Int +2) [Xom's
                  | mischief]
 21967 | Snake:2  | Gained mutation: You sometimes lose the ability to read
                  | scrolls when taking damage. [Xom's mischief]
 21984 | Snake:2  | Lost mutation: You sometimes lose the ability to read
                  | scrolls when taking damage. [potion of mutation]
 21984 | Snake:2  | Lost mutation: You expend magic power (3 MP) to strengthen
                  | your wands. [potion of mutation]
 21984 | Snake:2  | Gained mutation: Your body sometimes deteriorates upon
                  | taking damage. [potion of mutation]
 21994 | Snake:2  | Reached skill level 7 in Armour
 22012 | Snake:2  | XOM: summons 2 hostile shadow creatures
 22040 | Snake:2  | XOM: 1-stop teleportation journey
 22077 | Snake:2  | Reached skill level 16 in Unarmed Combat
 22165 | Snake:2  | XOM: scenery: summon butterflies
 22166 | Snake:2  | XOM: fog
 22273 | Snake:2  | XOM: blink monster(s)
 22450 | Snake:2  | XOM: silly message
 22477 | Snake:2  | Noticed Saint Roka
 22494 | Snake:2  | Killed Saint Roka
 22494 | Snake:2  | XOM: blink monster(s)
 22495 | Snake:2  | Reached skill level 8 in Armour
 22704 | Snake:2  | XOM: polymorph naga sharpshooter -> tyrant leech
 22847 | Snake:2  | XOM: summons 4 hostile demons
 23078 | Orc:1    | Entered Level 1 of the Orcish Mines
 23082 | Orc:1    | XOM: silly message
 23228 | Orc:2    | Entered Level 2 of the Orcish Mines
 23229 | Orc:2    | XOM: noise
 23232 | Orc:2    | XOM: summons 7 friendly demons
 23283 | Orc:1    | Reached XP level 17. HP: 157/167 MP: 16/16
 23331 | Orc:2    | XOM: divination: detect items
 23363 | Orc:2    | XOM: divination: detect creatures
 23382 | Orc:2    | Reached skill level 9 in Armour
 23493 | Orc:2    | Found Oderim's Antique Armour Emporium.
 23493 | Orc:2    | Found Riconlan's General Store.
 23493 | Orc:2    | Found Wuhiotz's Distillery.
 23493 | Orc:2    | Found Taggero's Assorted Antiques.
 23499 | Orc:2    | XOM: confuse monster(s)
 23679 | Orc:2    | Found Jupap's Magic Scroll Shop.
 23685 | Orc:2    | Found a staircase to the Elven Halls.
 23702 | Orc:2    | Bought a scroll of acquirement for 624 gold pieces
 23702 | Orc:2    | Acquired 448 gold pieces
 23743 | Orc:2    | Found Mutaul's Assorted Antiques.
 23868 | Orc:1    | Noticed bronco's ghost (journeyman KoGl)
 23868 | Orc:1    | Found a runed translucent door.
 24291 | Orc:2    | Bought a potion of heal wounds for 90 gold pieces
 24291 | Orc:2    | Bought a potion of heal wounds for 90 gold pieces
 24291 | Orc:2    | Bought a potion of haste for 180 gold pieces
 24291 | Orc:2    | Bought a potion of berserk rage for 90 gold pieces
 24295 | Orc:2    | Bought a potion of might for 56 gold pieces
 24295 | Orc:2    | Bought a potion of might for 56 gold pieces
 24355 | D:10     | XOM: stat loss: -1 Dex (16/17)
 24633 | Snake:3  | XOM: enchant monster (good)
 24799 | Snake:3  | XOM: summons friendly white imp
 24806 | Snake:3  | Reached skill level 10 in Armour
 24833 | Snake:3  | XOM: blink monster(s)
 24846 | Snake:3  | XOM: confuse monster(s)
 25194 | Snake:3  | XOM: 1-stop teleportation journey
 25290 | Snake:3  | Reached skill level 17 in Unarmed Combat
 25315 | Snake:3  | XOM: confusion
 25394 | Snake:3  | XOM: give mutations
 25394 | Snake:3  | Gained mutation: Your body often deteriorates upon taking
                  | damage. [Xom's mischief]
 25394 | Snake:3  | Gained mutation: You expend magic power (3 MP) to
                  | strengthen your wands. [Xom's mischief]
 25394 | Snake:3  | Lost mutation: You are robust. (+10% HP) [Xom's mischief]
 25402 | Snake:3  | XOM: blink monster(s)
 25411 | Snake:3  | XOM: enchant monster (bad)
 25544 | Snake:3  | Reached skill level 11 in Armour
 25556 | Snake:3  | XOM: silly message
 25558 | Snake:3  | XOM: divination: magic mapping
 25561 | Snake:3  | XOM: silly message
 25569 | Snake:3  | XOM: cast spell 'Olgreb's Toxic Radiance'
 25705 | Snake:3  | XOM: cast spell 'Summon Ice Beast'
 25710 | Snake:3  | XOM: confuse monster(s)
 25715 | Snake:3  | XOM: divination: detect items
 25720 | Snake:3  | XOM: noise
 25737 | Snake:3  | XOM: potion effect (brilliance)
 25754 | Snake:3  | XOM: silly message
 26075 | Snake:3  | XOM: cloud trail
 26540 | Snake:3  | XOM: cloud trail
 26636 | Snake:4  | Entered Level 4 of the Snake Pit
 26643 | Snake:4  | XOM: divination: magic mapping
 26780 | Snake:4  | Reached XP level 18. HP: 145/162 MP: 17/17
 26901 | Snake:4  | XOM: potion effect (invisibility)
 26971 | Snake:4  | Reached skill level 12 in Armour
 26973 | Snake:4  | XOM: 7-stop teleportation journey
 26982 | Snake:4  | Found a runed translucent gate.
 26982 | Snake:4  | Found a runed translucent gate.
 26982 | Snake:4  | Found a runed translucent gate.
 26983 | Snake:4  | Noticed Powertoast's ghost (adept MiBe)
 27205 | Snake:4  | XOM: polymorph naga ritualist -> death drake
 27247 | Snake:4  | XOM: scenery: summon butterflies
 27248 | Snake:4  | XOM: destruction
 27256 | Snake:4  | XOM: divination: detect items
 27507 | Snake:4  | Got a serpentine rune of Zot
 27589 | Snake:4  | XOM: enchant monster (good)
 27678 | Snake:4  | XOM: god gift: +1 fustibalus of chaos
 27751 | Snake:4  | XOM: fake destruction
 27820 | Snake:4  | XOM: scenery: 1 doors close
 27835 | Snake:4  | XOM: scenery: 2 doors close
 28261 | Vaults:1 | Entered Level 1 of the Vaults
 28493 | Vaults:1 | XOM: potion effect (berserk rage)
 28497 | Vaults:1 | Reached skill level 13 in Armour
 28498 | Vaults:1 | XOM: fog
 28506 | Vaults:1 | XOM: divine lightning
 28676 | Vaults:1 | Reached skill level 18 in Unarmed Combat
 28708 | Vaults:1 | XOM: polymorph something unseen -> snapping turtle
 28771 | Vaults:1 | Found Ifiekk's Armour Shop.
 28811 | Vaults:1 | XOM: summons 2 friendly demons
 28817 | Vaults:1 | XOM: stat loss: -1 Str (24/25)
 28822 | Vaults:1 | XOM: polymorph shadow imp -> white imp
 28854 | Vaults:1 | XOM: polymorph vault warden -> satyr
 28859 | Vaults:1 | XOM: chaos cloud
 28862 | Vaults:1 | XOM: potion effect (brilliance)
 28866 | Vaults:1 | XOM: divination: detect creatures
 28900 | Vaults:1 | XOM: cloud trail
 28903 | Vaults:1 | XOM: noise
 28946 | Vaults:1 | XOM: potion effect (curing)
 28989 | Vaults:1 | Lost mutation: You are strong-willed. (Will+) [potion of
                  | mutation]
 28989 | Vaults:1 | Lost mutation: Your body often deteriorates upon taking
                  | damage. [potion of mutation]
 28989 | Vaults:1 | Lost mutation: You expend magic power (3 MP) to strengthen
                  | your wands. [potion of mutation]
 28989 | Vaults:1 | Gained mutation: You possess an exceptional clarity of
                  | mind. [potion of mutation]
 29012 | Vaults:1 | XOM: summons 8 friendly demons
 29013 | Vaults:1 | XOM: chaos cloud
 29130 | Vaults:1 | XOM: divination: detect creatures
 29290 | Vaults:1 | XOM: summons friendly ufetubus
 29304 | Vaults:1 | XOM: give mutations
 29304 | Vaults:1 | Lost mutation: You possess an exceptional clarity of mind.
                  | [Xom's mischief]
 29304 | Vaults:1 | Gained mutation: Your spells are a little easier to cast,
                  | but a little less powerful. [Xom's mischief]
 29304 | Vaults:1 | Gained mutation: Your body often deteriorates upon taking
                  | damage. [Xom's mischief]
 29304 | Vaults:1 | Gained mutation: You are somewhat resistant to further
                  | mutation. [Xom's mischief]
 29308 | Vaults:1 | XOM: silly message
 29309 | Vaults:1 | Noticed a lich
 29312 | Vaults:1 | XOM: blink monster(s)
 29319 | Vaults:1 | XOM: enchant monster (bad)
 29323 | Vaults:1 | XOM: enchant monster (good)
 29325 | Vaults:1 | Killed a lich
 29330 | Vaults:1 | XOM: swap monsters
 29374 | Vaults:1 | Reached skill level 14 in Armour
 29380 | Vaults:1 | XOM: summons 1 hostile demon
 29394 | Vaults:1 | XOM: enchant monster (bad)
 29401 | Vaults:1 | Reached XP level 19. HP: 117/170 MP: 18/18
 29407 | Vaults:1 | XOM: silly message
 29701 | Vaults:1 | XOM: fog
 29710 | Vaults:1 | XOM: enchant monster (bad)
 29749 | Vaults:1 | XOM: destruction
 30185 | Vaults:1 | Reached skill level 7 in Fighting
 30278 | Vaults:2 | XOM: confuse monster(s)
 30281 | Vaults:2 | XOM: swap monsters
 30290 | Vaults:2 | XOM: divination: detect items
 30296 | Vaults:2 | XOM: chaos upgrade
 30305 | Vaults:2 | XOM: divination: magic mapping
 30320 | Vaults:2 | XOM: divination: magic mapping
 30342 | Vaults:2 | XOM: confusion (+ monsters)
 30505 | Vaults:2 | XOM: silly message
 30512 | Vaults:2 | XOM: silly message
 30526 | Vaults:1 | Reached skill level 8 in Fighting
 30643 | Vaults:2 | XOM: confuse monster(s)
 30647 | Vaults:2 | Reached skill level 19 in Unarmed Combat
 30843 | Vaults:2 | XOM: scenery: 1 doors open, 2 doors close
 30855 | Vaults:2 | Noticed a Tzitzimitl
 30855 | Vaults:2 | XOM: potion effect (invisibility)
 30859 | Vaults:2 | XOM: polymorph smoke demon -> hellwing
 31026 | Vaults:2 | XOM: scenery: 1 doors open
 31049 | Vaults:2 | XOM: fake destruction
 31065 | Vaults:2 | XOM: summons 6 friendly demons
 31067 | Vaults:2 | XOM: destruction
 31073 | Vaults:2 | XOM: summons 8 friendly demons
 31101 | Vaults:2 | Paralysed by a great orb of eyes for 4 turns
 31104 | Vaults:2 | HP: 12/175 [deep troll[an ironbound preserver] (11)]
 31104 | Vaults:2 | HP: 5/175 [deep troll[an ironbound preserver] (7)]
 31104 | Vaults:2 | Mangled by a deep troll

Vanquished Creatures
  Vashnia (Snake:2)
  Saint Roka (Snake:2)
  Jorgrun (Snake:1)
  A lich (Vaults:1)
  2 quicksilver dragons (Snake:4)
  6 nagarajas
  An orc warlord (Vaults:1)
  6 vault wardens
  Louise (Snake:2)
  8 ironbound preservers
  A very ugly thing (Vaults:1)
  An entropy weaver (Vaults:2)
  A deep elf demonologist (Vaults:1)
  2 deep elf annihilators (Vaults:1)
  A green draconian (Abyss:2)
  A dire elephant (Vaults:1)
  An ettin (D:15)
  Josephine (D:13)
  Erolcha (D:13)
  3 yaktaur captains (Vaults:1)
  Harold (D:8)
  3 salamander tyrants (Snake:4)
  4 boulder beetles
  21 naga warriors
  6 ironbound frosthearts
  3 vault guards (Vaults:2)
  A great orb of eyes (Vaults:2)
  9 hydras
  4 ironbound thunderhulks
  4 ogre magi (Orc:2)
  5 catoblepae
  7 centaur warriors
  10 anacondas
  24 two-headed ogres
  A satyr (Vaults:1)
  5 death yaks (Lair:6)
  5 tengu warriors
  A thrashing horror (Abyss:2)
  2 ironbound beastmasters (Vaults:1)
  3 shock serpents
  11 naga sharpshooters
  Sonja (D:12)
  A hell knight (D:15)
  3 large abominations (Abyss:2)
  4 skeletal warriors (D:13)
  A fire crab (Lair:4)
  A death drake (Snake:4)
  31 deep trolls
  7 naga ritualists
  4 salamander mystics
  6 wizards
  A phantasmal warrior (Vaults:1)
  5 ironbound convokers
  2 lindwurms (Vaults:1)
  A deep elf pyromancer (D:14)
  3 necromancers
  18 mana vipers
  4 orc knights
  A human zombie (Vaults:1)
  3 cyclopes
  17 salamanders
  3 orc sorcerers
  2 oklob plants (Lair:4)
  6 manticores
  A worldbinder (Abyss:2)
  22 ugly things
  3 elephants (Lair:4)
  8 guardian serpents
  49 black mambas
  20 naga magi
  6 vault sentinels
  An eye of devastation (Lair:2)
  Joseph (D:8)
  A water nymph (D:15)
  3 smoke demons (Abyss:2)
  A gargoyle (D:13)
  15 cane toads
  A torpor snail (Lair:4)
  An orange demon (Abyss:2)
  8 komodo dragons
  Psyche (D:8)
  An efreet (D:15)
  An unseen horror (D:13)
  16 yaktaurs
  4 rime drakes
  A yaktaur skeleton (Vaults:1)
  3 tengu conjurers (D:12)
  4 ancient zymes (Abyss:2)
  4 red devils (D:14)
  8 trolls
  3 polar bears
  A queen bee (shapeshifter) (D:14)
  A tyrant leech (Snake:2)
  2 hornets
  A queen bee (D:11)
  31 blink frogs
  6 raiju (Abyss:2)
  A frost giant simulacrum (Vaults:1)
  2 small abominations (Abyss:2)
  A snapping turtle (Vaults:1)
  18 slime creatures
  Sigmund (D:2)
  3 redbacks (Vaults:2)
  A spriggan (Lair:4)
  A tarantella (Vaults:2)
  3 vampires
  66 yaks
  A spriggan (shapeshifter) (D:14)
  4 wyverns
  4 wraiths
  3 basilisks
  A basilisk (shapeshifter) (Lair:6)
  2 vampire mosquitoes (D:14)
  A chaos spawn (Abyss:2)
  A neqoxec (Abyss:2)
  55 nagas
  19 water moccasins
  4 wargs
  22 orc warriors
  A hornet zombie (D:6)
  An ettin simulacrum (Vaults:1)
  A swamp drake (Lair:2)
  2 black bears
  9 starcursed masses
  17 ogres
  20 wolves
  11 centaurs
  A human skeleton (Vaults:1)
  A phantom (D:4)
  A kobold brigand (D:9)
  17 bullfrogs
  A gnoll sergeant (D:4)
  2 wyvern zombies
  A scorpion (D:9)
  A wyvern skeleton (D:7)
  A water moccasin skeleton (D:6)
  31 killer bees
  8 electric eels
  2 howler monkeys
  4 centaur zombies
  2 quasits (Abyss:2)
  2 hounds (D:4)
  A bullfrog skeleton (D:5)
  2 centaur skeletons
  14 orc priests
  14 jellies
  An iron imp (Abyss:2)
  4 iguanas
  Terence (D:2)
  Natasha (thrice) (D:2)
  25 orc wizards
  5 killer bee zombies
  A howler monkey skeleton (D:5)
  3 howler monkey zombies
  Robin (D:3)
  9 gnolls
  2 adders
  A river rat (Lair:1)
  A shadow imp (D:6)
  A white imp (Vaults:1)
  2 ufetubi (Abyss:2)
  A worm (D:3)
  The ghost of croobank the Sneak, a weakling DgDe (D:5)
  4 dart slugs
  89 orcs
  13 endoplasms
  5 giant cockroaches
  19 goblins
  8 hobgoblins
  7 jackals
  4 quokkas
  8 ball pythons
  5 bats
  3 frilled lizards (D:1)
  9 kobolds
  6 rats
  A starspawn tentacle (Abyss:2)
1150 creatures vanquished.

Vanquished Creatures (collateral kills)
  Aizul (Snake:1)
  A deep elf demonologist (Vaults:2)
  An anaconda (Snake:1)
  A salamander (Snake:3)
  A guardian serpent (Snake:1)
  A troll (D:10)
  A blink frog (Lair:2)
  A slime creature (D:12)
  2 yaks
  Menkaure (D:4)
  Edmund (D:4)
  A naga (Snake:1)
  2 orc warriors
  A centaur (D:12)
  An iguana (D:4)
  A gnoll (D:4)
  An ufetubus (D:4)
  3 orcs (D:4)
22 creatures vanquished.

Vanquished Creatures (others)
  A tentacled starspawn (Abyss:2)
  3 dancing weapons
  A skeletal warrior (D:13)
  A water moccasin (Lair:6)
  An orc warrior (D:8)
  2 electric eels (D:11)
  An orc priest (D:8)
  A white imp (Abyss:2)
  An ufetubus (Abyss:2)
  36 fungi
  A lurking horror (Abyss:2)
  98 plants
  4 starspawn tentacles (Abyss:2)
151 creatures vanquished.

Grand Total: 1323 creatures vanquished

Table legend: (Time is in decaauts)
 A = Elapsed time spent in this place.
 B = Non-inter-level travel time spent in this place.
 C = Inter-level travel time spent in this place.
 D = Time resting spent in this place.
 E = Time spent auto-exploring this place.
 F = Levels seen in this place.
 G = Mean time per level.
                   A        B        C        D        E       F      G
               +--------+--------+--------+--------+--------+-----+--------+
         Total |  30265 |  27811 |   2454 |   2577 |  17263 |  30 | 1008.8 |
       Dungeon |  13877 |  12548 |   1329 |   1103 |   8336 |  15 |  925.1 |
          Lair |   5860 |   5217 |    643 |    185 |   3406 |   6 |  976.7 |
     Snake Pit |   6154 |   5851 |    303 |    539 |   3610 |   4 | 1538.5 |
  Orcish Mines |   1165 |   1059 |    106 |     40 |    641 |   2 |  582.5 |
        Vaults |   2658 |   2587 |     71 |    517 |   1212 |   2 | 1329.0 |
         Abyss |    549 |    549 |      0 |    191 |     56 |   1 |  549.0 |
               +--------+--------+--------+--------+--------+-----+--------+

Top non-repeatable levels by time:
 Snake:3: 2044 daAuts
Vaults:1: 1936 daAuts
 Snake:2: 1530 daAuts
    D:13: 1452 daAuts
     D:8: 1402 daAuts
 Snake:1: 1329 daAuts
    D:10: 1280 daAuts
 Snake:4: 1250 daAuts
    D:14: 1127 daAuts
  Lair:6: 1108 daAuts
  Lair:2: 1096 daAuts
  Lair:3: 1055 daAuts
     D:3: 1047 daAuts
  Lair:1: 1023 daAuts
    D:11: 942 daAuts

Table legend:
 A = Non-vault XP
 B = Vault XP
 C = Vault XP percentage of total XP
 D = Non-vault monster count
 E = Vault monster count
 F = Vault count percentage of total count
                 A         B        C        D         E       F
            +---------+---------+-------+---------+---------+-------
      Total |  278690 |  139937 |  33.4 |     865 |     310 |  26.4
            +---------+---------+-------+---------+---------+-------
        D:1 |      51 |       0 |   0.0 |      28 |       0 |   0.0
        D:2 |     160 |     302 |  65.4 |      25 |       3 |  10.7
        D:3 |      65 |      45 |  40.9 |      13 |      20 |  60.6
        D:4 |     634 |     186 |  22.7 |      37 |       2 |   5.1
        D:5 |     371 |       4 |   1.1 |      18 |       1 |   5.3
        D:6 |     582 |     838 |  59.0 |      14 |       5 |  26.3
        D:7 |     487 |       0 |   0.0 |      12 |       0 |   0.0
        D:8 |    1100 |    1794 |  62.0 |      18 |       3 |  14.3
        D:9 |    1856 |    2431 |  56.7 |      29 |      14 |  32.6
       D:10 |    2478 |     275 |  10.0 |      17 |      17 |  50.0
       D:11 |    5488 |    1735 |  24.0 |      25 |      24 |  49.0
       D:12 |    5805 |    1834 |  24.0 |      20 |       4 |  16.7
       D:13 |   13464 |    5418 |  28.7 |      27 |       9 |  25.0
       D:14 |    9391 |    1490 |  13.7 |      20 |       5 |  20.0
       D:15 |    5608 |    4796 |  46.1 |      11 |       6 |  35.3
     Lair:1 |    6650 |       0 |   0.0 |      25 |       0 |   0.0
     Lair:2 |   10541 |       0 |   0.0 |      40 |       0 |   0.0
     Lair:3 |    4509 |    2420 |  34.9 |      18 |      11 |  37.9
     Lair:4 |    8403 |    3239 |  27.8 |      31 |       8 |  20.5
     Lair:5 |    3690 |     478 |  11.5 |      14 |      13 |  48.1
     Lair:6 |   11103 |   10421 |  48.4 |      31 |      23 |  42.6
    Snake:1 |   15733 |    5301 |  25.2 |      34 |       4 |  10.5
    Snake:2 |   23384 |   15558 |  40.0 |      44 |      20 |  31.2
    Snake:3 |   31572 |   11272 |  26.3 |      61 |      20 |  24.7
    Snake:4 |   22536 |   18976 |  45.7 |      44 |      21 |  32.3
      Orc:1 |    4467 |     888 |  16.6 |      58 |       1 |   1.7
      Orc:2 |     527 |   21697 |  97.6 |      10 |      38 |  79.2
   Vaults:1 |   45395 |   25543 |  36.0 |      61 |      34 |  35.8
   Vaults:2 |   30882 |    2996 |   8.8 |      42 |       4 |   8.7
    Abyss:2 |   11758 |       0 |   0.0 |      38 |       0 |   0.0
            +---------+---------+-------+---------+---------+-------
